 Dungeon Crawl Stone Soup version 0.31.0-32-g396128a36d (webtiles) character file.

Game seed: 17478370153573294149

10089 hawla the Carver (level 11, -11/54 HPs)
             Began as a Deep Elf Fire Elementalist on Apr 15, 2024.
             Was a Believer of Vehumet.
             Mangled by a wolf spider simulacrum (26 damage)
             ... in a Gauntlet.
             The game lasted 00:26:17 (12102 turns).

hawla the Carver (Deep Elf Fire Elementalist)      Turns: 12102, Time: 00:26:18

Health: -11/54     AC: 15    Str: 11    XL:     11   Next: 31%
Magic:  0/17       EV: 18    Int: 33    God:    Vehumet [**....]
Gold:   253        SH:  0    Dex: 19    Spells: 9/16 levels left

rFire   + . .        E - +2 scimitar (distort)
rCold   . . .        (no shield)
rNeg    . . .        C - +4 robe of Augmentation {Str+4 Int+4 Dex+4}
rPois   +            k - +2 helmet
rElec   .            B - +2 cloak {rPois}
rCorr   .            l - +2 pair of gloves
SInv    .            (no boots)
Will    +....        r - amulet of guardian spirit
Stlth   ++           y - +6 ring of intelligence
HPRegen 0.29/turn    w - +5 ring of evasion
MPRegen 0.15/turn

%: no teleportation, guardian spirit
@: very slightly contaminated
A: hooves 1, fire resistance 1, poison resistance
a: Renounce Religion


You were in a Gauntlet.
You worshipped Vehumet.
Vehumet was pleased with you.
You visited 2 branches of the dungeon, and saw 12 of its levels.
You also visited: Gauntlet.

You collected 511 gold pieces.
You spent 258 gold pieces at shops.

Inventory:

Hand Weapons
 E - a +2 scimitar of distortion (weapon)
Armour
 k - a +2 helmet (worn)
 l - a +2 pair of gloves (worn)
 u - +2 steam dragon scales
 B - a +2 cloak of poison resistance (worn)
 C - the +4 robe of Augmentation (worn) {Str+4 Int+4 Dex+4}
   (You found it on level 8 of the Dungeon)

   Str+4:     It affects your strength (+4).
   Int+4:     It affects your intelligence (+4).
   Dex+4:     It affects your dexterity (+4).
Jewellery
 p - a +6 ring of dexterity
 r - an amulet of guardian spirit (around neck)
 w - a +5 ring of evasion (right hand)
 y - a +6 ring of intelligence (left hand)
Talismans
 d - a maw talisman
Wands
 b - a wand of charming (18)
 f - a wand of polymorph (7)
 x - a wand of roots (6)
 A - a wand of flame (14)
Scrolls
 a - a scroll of torment
 c - 5 scrolls of teleportation
 e - a scroll of revelation
 g - 2 scrolls of blinking
 h - a scroll of poison
 m - 4 scrolls of enchant armour
 n - a scroll of fear
 q - a scroll of silence {unknown}
 s - 2 scrolls of vulnerability
 z - 2 scrolls of amnesia
Potions
 i - 2 potions of curing
 j - 2 potions of magic
 o - 2 potions of ambrosia
 t - a potion of mutation


   Skills:
 + Level 12.0 Long Blades
 - Level 2.4 Dodging
 - Level 2.4 Stealth
 - Level 3.0 Spellcasting
 - Level 3.9 Conjurations
 - Level 7.9 Fire Magic
 - Level 9.6 Shapeshifting


You had 9 spell levels left.
You knew the following spells:

 Your Spells              Type           Power      Damage    Failure   Level
a - Foxfire               Conj/Fire      100%       2x1d9     1%          1
b - Scorch                Fire           100%       2d9       1%          2
c - Flame Wave            Conj/Fire      44%        2d11      4%          4

Your spell library contained the following spells:

 Spells                   Type           Power      Damage    Failure   Level
 Kiss of Death            Conj/Necr      72%        2d10      2%          1
 Magic Dart               Conj           100%       1d8       1%          1
 Searing Ray              Conj           62%        2d6       1%          2
 Inner Flame              Hex/Fire       31%        N/A       3%          3
 Volatile Blastmotes      Fire/Tloc      62%        2d15      3%          3
 Slow                     Hex            16%        N/A       6%          1
 Lesser Beckoning         Tloc           8%         N/A       9%          2
 Mercury Vapours          Alch/Air       8%         N/A       9%          2
 Mephitic Cloud           Conj/Alch/Air  13%        N/A       11%         3
 Confusing Touch          Hex            4%         N/A       17%         3
 Gell's Gravitas          Tloc           4%         N/A       17%         3
 Sigil of Binding         Hex            4%         N/A       17%         3
 Teleport Other           Tloc           4%         N/A       17%         3
 Tukima's Dance           Hex            4%         N/A       17%         3
 Vampiric Draining        Necr           4%         2d6       17%         3
 Fulminant Prism          Conj/Alch      9%         3d7       26%         4
 Passage of Golubria      Tloc           4%         N/A       50%         4
 Freezing Cloud           Conj/Ice/Air   6%         6-21      67%         5
 Yara's Violent Unravell  Hex/Alch       2%         3d3       85%         5
 Haunt                    Necr/Summ      2%         N/A       100%        7
 Borgnjor's Revivificati  Necr           2%         N/A       100%        8
 Death's Door             Necr           2%         N/A       100%        9


Dungeon Overview and Level Annotations

Branches:
Dungeon (11/15)            Temple (1/1) D:5            Lair (0/5) D:10
    Orc (0/2) D:11        Gauntlet (1/1)

Altars:
Ashenzari
Cheibriados
Dithmenos
Elyvilon
Fedhas
Gozag
Hepliaklqana
Kikubaaqudgha
Makhleb
Nemelex Xobeh
Okawaru
Qazlal
Ru
Sif Muna
Trog
Uskayaw
Vehumet
Wu Jian
Xom
Yredelemnul
The Shining One

Shops:
D:1 ?   D:8 =   D:11 [(

Annotations:
D:7 3 runed translucent doors, JeszeEnbee's ghost, novice MiFi
D:9 Fannar Gauntlet 4 transporters


Innate Abilities, Weirdness & Mutations

You have large cloven feet.
Your flesh is heat resistant. (rF+)
Your system is resistant to poisons. (rPois)


Message History

Your foxfire is engulfed in freezing vapours.
Your foxfire dissipates! x2
The centaur warrior simulacrum hits you.
The centaur warrior simulacrum freezes you!!
The centaur warrior simulacrum misses you.
There is an open translucent door here.
The centaur warrior simulacrum hits you but does no damage.
The centaur warrior simulacrum kicks you but does no damage.
The centaur warrior simulacrum hits you but does no damage.
The centaur warrior simulacrum completely misses you.
Casting: Foxfire (safe; 1% risk of failure)
Confirm with . or Enter, or press ? or * to list all spells.
Casting: Flame Wave (dangerous; 4% risk of failure)
Press: ? - help, Dir - look around, f - activate You miscast Flame Wave.
You are very lightly contaminated with residual magic.
Fire whirls out from your hands. You resist.
The centaur warrior simulacrum hits you.
The centaur warrior simulacrum freezes you!!
* * * LOW HITPOINT WARNING * * *
The centaur warrior simulacrum kicks you but does no damage.
Okay, then.
You feel better.
The centaur warrior simulacrum closely misses you. x2
The hell hound barks!
You slash the centaur warrior simulacrum!
Space warps horribly around the centaur warrior simulacrum!
You kick the centaur warrior simulacrum, but do no damage.
The centaur warrior simulacrum is almost destroyed.
The centaur warrior simulacrum hits you but does no damage.
The centaur warrior simulacrum kicks you but does no damage.
You hit the centaur warrior simulacrum.
The centaur warrior simulacrum vaporises!
Vehumet accepts your kill.
Your Long Blades skill increases to level 12!
You barely miss the wolf spider simulacrum.
The wolf spider simulacrum hits you.
* * * LOW HITPOINT WARNING * * *
The wolf spider simulacrum freezes you!!
You die...

.......©#....≈##
##.#########.##
##.#...#..©#.≈##
##.#.#.#.###.≈≈#
.#.#.#.#...#.≈##
.#.#.#.###.#.##
.#.#.#...#.#.≈##
##.#?###.#'#.≈≈#
#.#.[©#.Z@#.≈##
###########.##
......©#....≈##
.⌠.⌠.#.⌠..≈≈#
....©#....≈##
#########.##
#..°○°Eh#.≈##
#..####.#.≈≈#
##..#.#.≈##


You could see a fire elemental, a hell hound and a wolf spider simulacrum.

Vanquished Creatures
  2 two-headed ogres (D:9)
  Maurice (D:8)
  2 trolls (D:10)
  Prince Ribbit (D:8)
  2 centaur simulacra (Gauntlet)
  A wraith (D:10)
  17 yaks
  3 steam dragons
  2 swamp worms (Gauntlet)
  2 acid dragons
  2 water moccasins
  4 orc warriors
  2 black bears
  2 ice beasts
  3 sky beasts
  2 centaurs
  5 wolves (D:10)
  2 kobold brigands
  Blork the orc (D:5)
  4 bullfrogs
  2 gnoll sergeants (D:9)
  3 wights (D:8)
  3 killer bees (D:9)
  6 electric eels (D:10)
  7 howler monkeys
  2 bombardier beetles
  5 hounds
  A wyvern simulacrum (Gauntlet)
  4 jellies
  2 orc priests
  Jessica (D:3)
  2 sleepcaps (D:4)
  Terence (D:3)
  2 iguanas (D:6)
  4 orc wizards (D:10)
  Robin (D:3)
  14 gnolls
  7 adders
  A shadow imp (D:8)
  A white imp (D:6)
  4 ribbon worms
  3 dart slugs
  15 orcs
  8 ball pythons
  4 endoplasms
  3 giant cockroaches
  17 goblins
  11 hobgoblins
  4 jackals (D:3)
  19 kobolds
  2 quokkas (D:1)
  8 bats
  5 frilled lizards
  7 rats
239 creatures vanquished.

Vanquished Creatures (others)
  517 foxfires
517 creatures vanquished.

Grand Total: 756 creatures vanquished

Notes
Turn   | Place    | Note
-------+----------+-------------------------------------------
     0 | D:1      | hawla the Deep Elf Fire Elementalist began the quest for
                  | the Orb.
     0 | D:1      | Reached XP level 1. HP: 10/10 MP: 6/6
   154 | D:1      | Reached XP level 2. HP: 15/15 MP: 5/8
   157 | D:1      | Learned a level 2 spell: Scorch
   680 | D:1      | Reached XP level 3. HP: 19/19 MP: 6/9
   798 | D:1      | Found Yluref's Magic Scroll Shoppe.
   801 | D:1      | Bought a scroll of identify for 22 gold pieces
  1080 | D:2      | Reached skill level 5 in Fire Magic
  1199 | D:2      | Found a basalt altar of Yredelemnul.
  1262 | D:2      | Reached XP level 4. HP: 20/24 MP: 0/10
  2072 | D:3      | Learned a level 4 spell: Flame Wave
  2087 | D:3      | Noticed Jessica
  2090 | D:3      | Killed Jessica
  2091 | D:3      | Reached XP level 5. HP: 28/28 MP: 5/11
  2228 | D:3      | Noticed Terence
  2397 | D:3      | Noticed Robin
  2407 | D:4      | Gained mutation: Your system is resistant to poisons.
                  | (rPois) [potion of mutation]
  2407 | D:4      | Gained mutation: Your flesh is heat resistant. (rF+)
                  | [potion of mutation]
  2407 | D:4      | Gained mutation: You have large cloven feet. [potion of
                  | mutation]
  2687 | D:3      | Killed Robin
  2867 | D:3      | Killed Terence
  2868 | D:3      | Reached XP level 6. HP: 32/32 MP: 6/12
  3746 | D:1      | Bought a scroll of fear for 44 gold pieces
  3746 | D:1      | Bought a scroll of enchant armour for 82 gold pieces
  3868 | D:5      | Entered Level 5 of the Dungeon
  3888 | D:5      | Found a staircase to the Ecumenical Temple.
  3891 | D:5      | Noticed Blork the orc
  3895 | D:5      | Killed Blork the orc
  3917 | Temple   | Entered the Ecumenical Temple
  3946 | Temple   | Became a worshipper of Vehumet
  4321 | D:5      | Reached XP level 7. HP: 36/36 MP: 8/13
  5174 | D:6      | Reached skill level 5 in Shapeshifting
  5174 | D:6      | Reached XP level 8. HP: 15/41 MP: 9/14
  5419 | D:6      | Found a sacrificial altar of Ru.
  6124 | D:6      | Reached skill level 1 in Long Blades
  6420 | D:7      | Found a runed translucent gate.
  6449 | D:7      | Reached skill level 2 in Long Blades
  6517 | D:7      | Found a runed translucent gate.
  6518 | D:7      | Found a runed translucent gate.
  6527 | D:7      | Noticed JeszeEnbee's ghost (novice MiFi)
  6570 | D:7      | Reached * piety under Vehumet
  6570 | D:7      | Offered knowledge of Freeze by Vehumet.
  6813 | D:7      | Reached skill level 3 in Long Blades
  6967 | D:7      | Reached XP level 9. HP: 36/45 MP: 15/15
  7359 | D:7      | Found a hazy altar of Hepliaklqana.
  7972 | D:1      | Bought a scroll of fear for 44 gold pieces
  7972 | D:1      | Bought a scroll of identify for 22 gold pieces
  7972 | D:1      | Bought a scroll of identify for 22 gold pieces
  7972 | D:1      | Bought a scroll of identify for 22 gold pieces
  8190 | D:8      | Reached skill level 4 in Long Blades
  8240 | D:8      | Found the +4 robe of Augmentation {Str+4 Int+4 Dex+4}
  8252 | D:8      | Found a bloodstained altar of Trog.
  8536 | D:8      | Found a glowing golden altar of the Shining One.
  8896 | D:8      | Found Guddiemm's Jewellery Boutique.
  8942 | D:8      | Noticed Prince Ribbit
  8947 | D:8      | Killed Prince Ribbit
  8948 | D:8      | Reached skill level 5 in Long Blades
  8989 | D:8      | Noticed a +0 hand axe
  8992 | D:8      | Noticed a +0 hand axe
  9094 | D:8      | Found a hide-covered altar of Uskayaw.
  9139 | D:8      | Noticed Maurice
  9154 | D:8      | Killed Maurice
  9472 | D:9      | Noticed a two-headed ogre
  9479 | D:9      | Killed a two-headed ogre
  9480 | D:9      | Reached skill level 6 in Long Blades
  9480 | D:9      | Reached XP level 10. HP: 50/50 MP: 7/16
  9598 | D:9      | Reached skill level 7 in Long Blades
  9605 | D:9      | Reached skill level 8 in Long Blades
  9807 | D:9      | Noticed a two-headed ogre
  9815 | D:9      | Killed a two-headed ogre
  9816 | D:9      | Reached skill level 9 in Long Blades
  9995 | D:10     | Entered Level 10 of the Dungeon
 10011 | D:9      | Reached skill level 10 in Long Blades
 10134 | D:10     | Noticed Fannar
 10429 | D:9      | Reached ** piety under Vehumet
 10429 | D:9      | Offered knowledge of Kiss of Death by Vehumet.
 10658 | D:10     | Reached XP level 11. HP: 44/54 MP: 4/17
 10673 | D:10     | Reached skill level 11 in Long Blades
 10924 | D:10     | Identified the +5 scale mail of Incorporation {rF- rN+
                  | Int+3}
 11138 | D:10     | Found an opulent altar of Gozag.
 11388 | D:10     | Found a staircase to the Lair.
 11741 | D:11     | Found Isithe's Weapon Boutique.
 11741 | D:11     | Found a staircase to the Orcish Mines.
 11754 | D:11     | Found Nycun's Armour Boutique.
 11788 | D:11     | Found a gate leading to a gauntlet.
 11797 | Gauntlet | Entered a Gauntlet
 11797 | Gauntlet | Found a transporter.
 11797 | Gauntlet | Found a transporter.
 11875 | Gauntlet | Found a transporter.
 11879 | Gauntlet | Found a transporter.
 11886 | Gauntlet | Found a runed translucent door.
 11889 | Gauntlet | Found a transporter.
 11891 | Gauntlet | Found a transporter.
 11899 | Gauntlet | Found a transporter.
 12102 | Gauntlet | Reached skill level 12 in Long Blades
 12102 | Gauntlet | Mangled by a wolf spider simulacrum

Illustrated notes

Levels and vault maps discovered:
D:1:      mainiacjoe_arrival_oval_in_oval, layout_rooms, serial_shops,
          nicolae_shop_rolled_up
D:2:      layout_loops_ring, basic_altar, kennysheep_generic_room_10
D:3:      layout_rooms, uniq_robin, uniq_jessica, uniq_terence
D:4:      layout_basic
D:5:      layout_loops_cross, minmay_temple_entry_glassed_door,
          uniq_blork_the_orc
D:6:      layout_loops_corners, nicolae_overflow_hidden_temple,
          palyth_stone_intersect
D:7:      layout_basic, lemuel_coloured_pillars_altar,
          biasface_ghost_orc_armoury, minmay_misc_feat_square, kennysheep_potato
D:8:      layout_gridville, dancing_weapons_uskayaw,
          mainiacjoe_overflow_catch_the_wave, serial_shops,
          nicolae_shop_hallway_plus, uniq_prince_ribbit1, uniq_maurice
D:9:      layout_basic
D:10:     layout_cave_pools, grunt_gozag_breadcrumbs, erik_lair_island,
          uniq_fannar
D:11:     layout_basic, orc_david_3, gauntlet_entry_generic,
          nrook_mini_backslash, minivault_25, corexii_leaking_fountain,
          st_stairs_2, hangedman_batty
Temple:   bh_familiar_temple
Gauntlet: minmay_gauntlet_77_indecision [minmay_gauntlet_arena_77_museum,
          minmay_gauntlet_arena_77_tiled_triplets,
          minmay_gauntlet_arena_77_path, minmay_gauntlet_arena_77_cramped,
          minmay_gauntlet_arena_77_hold_the_fort,
          minmay_gauntlet_arena_77_mirror, gauntlet_exit_green]

Skill      XL: |  1  2  3  4  5  6  7  8  9 10 11 |
---------------+----------------------------------+-----
Fire Magic     | 4 5 6 7 |  7.9
Conjurations   | 2 3 |  3.9
Shapeshifting  | 5 8 9 |  9.6
Long Blades    | 3 6 10 12 | 12.0
Dodging        | |  2.4
Stealth        | |  2.4
Spellcasting   | |  3.0

Action                     |  1- 3 |  4- 6 |  7- 9 | 10-12 || total
---------------------------+-------+-------+-------+-------++-------
  Melee: Unarmed           |     5 |    18 |     7 |       ||    30
         Kick              |       |     6 |    31 |    15 ||    52
         Scimitar          |       |       |    70 |    51 ||   121
         Maw               |       |       |    19 |       ||    19
         Punch             |       |       |     1 |       ||     1
   Cast: Foxfire           |    62 |    85 |    62 |    91 ||   300
         Scorch            |     8 |    36 |    42 |    29 ||   115
         Flame Wave        |       |       |     3 |    14 ||    17
  Evoke: Wand              |       |       |     2 |       ||     2
    Use: Scroll            |     1 |     5 |     8 |     8 ||    22
         Potion            |       |     6 |       |     6 ||    12
   Stab: Sleeping          |       |     1 |     2 |       ||     3
 Armour: Robe              |     8 |    29 |    20 |   107 ||   164
         Skin              |       |       |    64 |       ||    64
  Dodge: Dodged            |     8 |    33 |    89 |   130 ||   260
   Form: Maw               |       |       |     1 |       ||     1
                           |       |       |     1 |       ||     1
